 Dungeon Crawl Stone Soup version 0.30-a0-860-g512cf1e979 (webtiles) character file.

Game seed: 4425861964221713090

191 MacCMillion the Shooter (level 5, -18/25 HPs)
             Began as a Spriggan Hunter on Mar 8, 2023.
             Blown up by Ijyb (19 damage)
             ... with a mindburst bolt
             ... on level 3 of the Dungeon.
             The game lasted 00:03:03 (1808 turns).

MacCMillion the Shooter (Spriggan Hunter)           Turns: 1808, Time: 00:03:04

Health: -18/25     AC:  3    Str:  7    XL:     5   Next: 41%
Magic:  6/6        EV: 18    Int: 11    God:
Gold:   134        SH:  0    Dex: 20    Spells: 4/4 levels left

rFire   . . .      SeeInvis +    a - +0 shortbow
rCold   . . .      Faith    .    (shield currently unavailable)
rNeg    . . .      Spirit   .    c - +0 robe
rPois   .          Reflect  .    (helmet restricted)
rElec   .          Rampage  .    j - +0 cloak
rCorr   .                        (gloves unavailable)
Will    .....                    (boots unavailable)
Stlth   +++                      (no amulet)
HPRegen 0.24/turn                (no ring)
MPRegen 0.10/turn                (no ring)

@: very quick
A: very small, no large weapons, unfitting armour, see invisible, speed 3
a: no special abilities


You were on level 3 of the Dungeon.
You visited 1 branch of the dungeon, and saw 3 of its levels.

You collected 134 gold pieces.

Inventory:

Hand Weapons
 a - a +0 shortbow (weapon)
Armour
 c - a +0 robe (worn)
 j - a +0 cloak (worn)
Scrolls
 b - a scroll of immolation
 g - 2 scrolls of teleportation {unknown}
 h - 2 scrolls of fog {unknown}
 i - a scroll of identify {unknown}
 k - 2 scrolls of vulnerability {unknown}
 l - a scroll of enchant armour {unknown}
Potions
 d - 2 potions of flight {unknown}
 e - 2 potions of curing {unknown}
 f - a potion of lignification {unknown}
 m - a potion of magic {unknown}
 n - a potion of attraction {unknown}


   Skills:
 - Level 1.5 Fighting
 + Level 6.3 Ranged Weapons
 - Level 2.6 Dodging
 - Level 4.0 Stealth


You had 4 spell levels left.
You didn't know any spells.
Your spell library was empty.

Dungeon Overview and Level Annotations

Branches:
Dungeon (3/15)

Altars:

Annotations:
D:3 Ijyb


Innate Abilities, Weirdness & Mutations

You are very small and have problems with some larger weapons.
You are too small for most types of armour.
You have supernaturally acute eyesight. (SInv)
You cover ground extremely quickly. (Speed+++)


Message History

An adder comes into view.
You shoot an arrow. The arrow closely misses the adder.
You shoot an arrow. The arrow hits the adder!
You kill the adder!
No target in view!
Ijyb the Twisted Goblin comes into view.
She is wielding a +0 club and carrying a wand of mindburst (15).
Found a scroll labelled DEESUU MOIZE and a scroll labelled JYMUOCELLU.
Ijyb is nearby!
You shoot an arrow. The arrow hits Ijyb but does no damage.
Ijyb shouts!
You shoot an arrow. The arrow hits Ijyb but does no damage.
You shoot an arrow. The arrow barely misses Ijyb.
You shoot an arrow. The arrow hits Ijyb.
Ijyb is lightly wounded.
You shoot an arrow. The arrow closely misses Ijyb.
Ijyb zaps a wand.
Your mind is blasted!
You shoot an arrow. The arrow barely misses Ijyb.
You shoot an arrow. The arrow hits Ijyb.
Ijyb is lightly wounded.
Ijyb screams, "Me stronger than you!"
Ijyb zaps a wand.
You resist with significant effort. Ijyb hits you with a +0 club.
You shoot an arrow. The arrow hits Ijyb.
Ijyb is moderately wounded.
Ijyb closely misses you.
You shoot an arrow. The arrow hits Ijyb.
Ijyb is heavily wounded.
Ijyb closely misses you.
You shoot an arrow. The arrow barely misses Ijyb.
Ijyb hits you with a +0 club.
You shoot an arrow. The arrow hits Ijyb.
Ijyb is severely wounded.
Ijyb zaps a wand.
Your mind is blasted!
Ouch! That really hurt!
* * * LOW HITPOINT WARNING * * *
You are too injured to fight recklessly!
You are too injured to fight recklessly!
You are too injured to fight recklessly!
Ijyb zaps a wand.
Your mind is blasted!
Ouch! That really hurt!
You die...

#............#
#...........†###
#.........<....#
#...........#..###
#...##.....##.....
########......#..###.#..)
?......#...#..##.......##
.....!.#..###.#####.#..#
.......#@..##...###....##
?...†.g..................
..†....#.#.####..#.###.#.
.........#.# #... #.##
.......###.# ##..# #.##
....... #.# ....##.##
....... #.# #......
....... #.# #####.....
####### #.# .......###


You could see Ijyb.

Vanquished Creatures
  7 gnolls
  6 adders
  3 worms
  A dart slug (D:1)
  4 ball pythons
  6 bats
  5 endoplasms
  6 giant cockroaches
  A hobgoblin (D:2)
  5 jackals
  5 kobolds
  2 quokkas
  3 frilled lizards
  3 goblins
  7 rats
64 creatures vanquished.

Notes
Turn   | Place    | Note
-------+----------+-------------------------------------------
     0 | D:1      | MacCMillion the Spriggan Hunter began the quest for the
                  | Orb.
     0 | D:1      | Reached XP level 1. HP: 10/10 MP: 2/2
   125 | D:1      | Reached XP level 2. HP: 14/14 MP: 3/3
   667 | D:2      | Reached XP level 3. HP: 18/18 MP: 4/4
   806 | D:2      | Reached skill level 5 in Ranged Weapons
   806 | D:2      | Reached XP level 4. HP: 13/22 MP: 5/5
  1375 | D:3      | Reached XP level 5. HP: 22/25 MP: 6/6
  1412 | D:3      | Reached skill level 6 in Ranged Weapons
  1796 | D:3      | Noticed Ijyb
  1807 | D:3      | HP: 1/25 [disintegration (16)]
  1808 | D:3      | Blown up by Ijyb

Illustrated notes

Levels and vault maps discovered:
D:1:      spicycebolla_arrival_ecumenical, layout_basic, minivault_4
D:2:      layout_rooms
D:3:      layout_rooms, uniq_ijyb

Skill      XL: |  1  2  3  4  5 |
---------------+----------------+-----
Stealth        | 2 3 4 |  4.0
Ranged Weapons | 5 6 |  6.3
Fighting       | |  1.5
Dodging        | |  2.6

Action                     |  1- 3 |  4- 6 || total
---------------------------+-------+-------++-------
   Fire: Shortbow          |    94 |   124 ||   218
 Armour: Robe              |     3 |     9 ||    12
  Dodge: Dodged            |    38 |    53 ||    91

Table legend: (Time is in decaauts)
 A = Elapsed time spent in this place.
 B = Non-inter-level travel time spent in this place.
 C = Inter-level travel time spent in this place.
 D = Time resting spent in this place.
 E = Time spent auto-exploring this place.
 F = Levels seen in this place.
 G = Mean time per level.
                   A        B        C        D        E       F      G
               +--------+--------+--------+--------+--------+-----+--------+
         Total |   1351 |   1326 |     25 |    171 |    749 |   3 |  450.3 |
       Dungeon |   1351 |   1326 |     25 |    171 |    749 |   3 |  450.3 |
               +--------+--------+--------+--------+--------+-----+--------+

Top non-repeatable levels by time:
     D:3: 469 daAuts
     D:2: 447 daAuts
     D:1: 434 daAuts
